 Dungeon Sprint DCSS version 0.21.1-1-g345015f (webtiles) character file.

296 Mesmaeker13 the Basher (level 6, 0/64 HPs)
             Began as a Minotaur Berserker on Apr 13, 2018.
             Was a Believer of Trog.
             Slain by Sonja
             ... wielding a +0 short sword of distortion
              (2 damage)
             ... in the Dungeon (Sprint I: "Red Sonja").
             The game lasted 00:00:40 (290 turns).

Mesmaeker13 the Basher (Minotaur Berserker)          Turns: 290, Time: 00:00:40

Health: 0/64       AC:  2    Str: 23    XL:     6   Next: 12%
Magic:  5/5        EV: 12    Int:  4    God:    Trog [**....]
Gold:   297        SH:  0    Dex: 10    Spells: 5/5 levels left

rFire    . . .     SeeInvis .   a - +0 mace
rCold    . . .     Gourm    .   (no shield)
rNeg     . . .     Faith    .   b - +0 animal skin
rPois    .         Spirit   .   (helmet restricted)
rElec    .         Reflect  .   (no cloak)
rCorr    .         Harm     .   (no gloves)
MR       .....     NoTele   +   (no boots)
Stlth    +.........             (no amulet)
HPRegen  0.20/turn              (no ring)
MPRegen  0.09/turn              (no ring)

@: lethally poisoned (0 -> -29), slowed, very slow
A: retaliatory headbutt, horns 2
a: Berserk, Trog's Hand, Burn Spellbooks, Renounce Religion


You were in the Dungeon.
You worshipped Trog.
Trog was pleased with you.
You were not hungry.

You visited 1 branch You collected 297 gold pieces.

Inventory:

Hand Weapons
 a - a +0 mace (weapon)
Armour
 b - a +0 animal skin (worn)
Scrolls
 i - a scroll of blinking
Potions
 d - 2 potions of curing
 e - a potion of heal wounds
 f - a potion of haste
 g - 2 potions of magic
 h - a potion of berserk rage
Comestibles
 c - a ration
 j - 4 chunks of flesh


   Skills:
 + Level 9.6 Fighting
 + Level 9.6 Maces & Flails
 + Level 9.2 Armour
 - Level 2.1 Dodging


You had 5 spell levels left.
You didn't know any spells.

Dungeon Overview and Level Annotations

Branches:
Dungeon (1/1)

Altars:
Sif Muna
Vehumet
Wu Jian

Annotations:
D Sonja


Innate Abilities, Weirdness & Mutations

You reflexively headbutt those who attack you in melee.
You have a pair of horns on your head.


Message History

You have difficulty breathing.
You feel as though you will be slow longer.
You see here a curare-tipped needle.
Sonja is nearby!
You feel sick.
Sonja shoots a curare-tipped needle.
The curare-tipped needle hits you.
You are more poisoned.
You have difficulty breathing.
You feel as though you will be slow longer.
You see here 2 curare-tipped needles.
You closely miss Sonja.
You feel very sick.
Sonja unwields an uncursed blowgun.
Sonja wields an uncursed short sword of distortion.
Its appearance distorts for a moment.
Sonja barely misses you.
Sonja hits you with an uncursed short sword of distortion.
Space warps horribly around you!
* * * LOW HITPOINT WARNING * * *
Sonja hits you with an uncursed short sword of distortion.
You die...

################
#<.#..)..#..'..#
#..').#..').#..+
#..#####'#####'#
#..# #..#...#(#
#..# ####..##[#
#..# ##'#_.+
#⌠⌠# +.(._# ####
#_@#+# ##K# #.#
$.$ $.$ ##.##
#+#


You could see Sonja.

Vanquished Creatures
  Sigmund (D)
  An ogre (D)
  A jelly (D)
  Ijyb (D)
4 creatures vanquished.

Notes
Turn   | Place    | Note
-------+----------+-------------------------------------------
     0 | D        | Mesmaeker13 the Minotaur Berserker began the quest for the Orb.
     0 | D        | Reached XP level 1. HP: 19/19 MP: 0/0
     1 | D        | Noticed Ijyb
     7 | D        | Killed Ijyb
     7 | D        | Reached skill level 5 in Fighting
     7 | D        | Reached skill level 5 in Maces & Flails
     7 | D        | Reached XP level 2. HP: 22/29 MP: 1/1
    85 | D        | Noticed an ogre
    88 | D        | Killed an ogre
    88 | D        | Reached XP level 3. HP: 39/39 MP: 2/2
    88 | D        | Reached XP level 4. HP: 47/47 MP: 3/3
   133 | D        | Noticed Sigmund
   143 | D        | Killed Sigmund
   143 | D        | Reached ** piety under Trog
   143 | D        | Reached XP level 5. HP: 52/57 MP: 4/4
   143 | D        | Reached XP level 6. HP: 58/63 MP: 5/5
   260 | D        | Found a deep blue altar of Sif Muna.
   261 | D        | Found an ornate altar of the Wu Jian Council.
   262 | D        | Found a radiant altar of Vehumet.
   286 | D        | Noticed Sonja
   290 | D        | HP: 2/64 [Sonja/uncursed short sword of distortion (18)]
   290 | D        | Slain by Sonja

Skill      XL: |  1  2  3  4  5  6 |
---------------+-------------------+-----
Fighting       | 5 7 9 |  9.6
Maces & Flails | 5 7 9 |  9.6
Armour         | 4 6 8 9 |  9.2
Dodging        | |  2.1

Action                   |  1- 3 |  4- 6 || total
-------------------------+-------+-------++-------
Melee: Mace              |     7 |    11 ||    18
       Headbutt          |     2 |     3 ||     5
Invok: Berserk           |     1 |     1 ||     2
Dodge: Dodged            |     4 |     5 ||     9
